 Dungeon Crawl Stone Soup version 0.28.0 (webtiles) character file.

Game seed: 3911037400919394960

431 Woods the Insei (level 6, 0/52 HPs)
             Began as a Draconian Transmuter on Feb 16, 2022.
             Succumbed to an orc wizard's poison
             ... on level 4 of the Dungeon.
             The game lasted 00:11:45 (5442 turns).

Woods the Insei (Draconian Transmuter)              Turns: 5442, Time: 00:11:46

Health: 0/52       AC: 10    Str: 12    XL:     6   Next: 67%
Magic:  10/10      EV: 12    Int: 15    God:
Gold:   234        SH:  0    Dex: 18    Spells: 5/11 levels left

rFire   . . .      SeeInvis .     - Unarmed
rCold   . . .      Faith    .   (no shield)
rNeg    . . .      Spirit   .   (armour unavailable)
rPois   .          Reflect  .   (helmet restricted)
rElec   .          Harm     .   e - +0 cloak
rCorr   .          Rampage  .   k - +2 pair of gloves
Will    .....                   (no boots)
Stlth   ++........              (no amulet)
HPRegen 0.17/turn               d - +6 ring of dexterity
MPRegen 0.12/turn               (no ring)

@: brilliant, lethally poisoned (0 -> -3)
A: AC +6, unfitting armour, cold-blooded
a: no special abilities


You were on level 4 of the Dungeon.
You visited 2 branches of the dungeon, and saw 5 of its levels.

You collected 234 gold pieces.

Inventory:

Armour
 e - a +0 cloak (worn)
 k - a +2 pair of gloves (worn)
Jewellery
 d - a +6 ring of dexterity (left hand)
Scrolls
 f - a scroll of magic mapping
 g - a scroll of enchant armour {unknown}
 h - a scroll of fog {unknown}
 i - 2 scrolls of identify
 j - a scroll of torment {unknown}
Potions
 a - a potion of might
 c - a potion of magic


   Skills:
 - Level 4.0 Fighting
 - Level 1.7 Dodging
 + Level 4.7 Unarmed Combat
 + Level 3.2 Spellcasting
 + Level 3.3 Transmutations
 - Level 2.0 Poison Magic


You had 5 spell levels left.
You knew the following spells:

 Your Spells              Type           Power      Damage    Failure   Level
a - Beastly Appendage     Tmut           36%        N/A       4%          1
b - Wereblood             Tmut           18%        N/A       8%          2
c - Spider Form           Tmut/Pois      15%        N/A       21%         3

Your spell library contained the following spells:

 Spells                   Type           Power      Damage    Failure   Level
 Ignite Poison            Fire/Tmut/Pois 11%        N/A       28%         3
 Sublimation of Blood     Necr           3%         N/A       30%         2
 Conjure Flame            Conj/Fire      3%         6-21      52%         3
 Ice Form                 Ice/Tmut       11%        N/A       69%         4
 Sticky Flame             Conj/Fire      3%         2d3       89%         4
 Summon Hydra             Summ           1%         N/A       100%        7


Dungeon Overview and Level Annotations

Branches:
Dungeon (4/15)             Temple (1/1) D:4

Altars:
Ashenzari
Elyvilon
Fedhas
Gozag
Hepliaklqana
Kikubaaqudgha
Makhleb
Nemelex Xobeh
Okawaru
Ru
Sif Muna
Trog
Vehumet
Wu Jian
Yredelemnul
Zin
The Shining One

Annotations:
D:2 Sigmund, Terence
D:4 Natasha


Innate Abilities, Weirdness & Mutations

Your plain brown scales are hard. (AC +6)
You cannot fit into any form of body armour.
You are cold-blooded and may be slowed by cold attacks.


Message History

You hit the orc wizard.
The orc wizard is poisoned.
The orc wizard is almost dead.
You kill the orc wizard!
A magic dart appears from out of thin air!
The magic dart hits you. Something hits you.
You are lethally poisoned!
Items here: $ ) [ †.
You hit something.
Reactivating autopickup.
You feel a bit more experienced.
* * * LOW HITPOINT WARNING * * *
You feel very sick.
Unknown command.
* * * LOW HITPOINT WARNING * * *
You feel very sick.
Things that are here:
a +1 dagger of venom; a +0 robe
* * * LOW HITPOINT WARNING * * *
You feel very sick.
Your transformation has ended.
Your +0 cloak unmelds from your body.
Your +2 pair of gloves unmelds from your body.
* * * LOW HITPOINT WARNING * * *
You feel sick.
It was a potion of magic.
Magic courses through your body.
* * * LOW HITPOINT WARNING * * *
You feel sick.
It was a potion of brilliance.
You feel clever all of a sudden.
* * * LOW HITPOINT WARNING * * *
You feel sick.
Unknown command.
Unknown command.
* * * LOW HITPOINT WARNING * * *
You feel sick.
As you read the scroll labelled USUGEI BISA, it crumbles to dust.
It is a scroll of identify.
f - a scroll of magic mapping You die...

###### ##### #....###
######... ##.##.(..
........########...##...
###...@))....#..≈..#...
#......#####...≈≈≈..... ####
#.#....#####.#..≈..#...
.....#........>...##...##...
......#.#...##.#..###.##....
.......<#....#.#...#..##....
............................
##..#......................#
#J..........#.#...#.####..#


There were no monsters in sight!

Vanquished Creatures
  2 ogres (D:3)
  A phantom (D:4)
  A jelly (D:4)
  2 orc wizards (D:4)
  A gnoll (D:1)
  2 adders (D:3)
  2 dart slugs
  4 orcs
  10 ball pythons
  13 endoplasms
  4 giant cockroaches (D:3)
  5 goblins
  5 hobgoblins
  4 jackals (D:1)
  2 quokkas
  3 bats
  5 frilled lizards
  8 kobolds
  4 rats
78 creatures vanquished.

Notes
Turn   | Place    | Note
-------+----------+-------------------------------------------
     0 | D:1      | Woods the Draconian Transmuter began the quest for the Orb.
     0 | D:1      | Reached XP level 1. HP: 16/16 MP: 3/3
   517 | D:1      | Reached XP level 2. HP: 21/24 MP: 3/5
   593 | D:1      | Found a faded altar of an unknown god.
  1093 | D:1      | Reached XP level 3. HP: 24/30 MP: 4/6
  1537 | D:2      | Noticed Terence
  1557 | D:1      | Learned a level 2 spell: Wereblood
  1561 | D:1      | Learned a level 3 spell: Spider Form
  1905 | D:2      | Noticed Sigmund
  2229 | D:2      | HP: 1/30 [Terence/stone (2)]
  2940 | D:3      | Reached XP level 4. HP: 37/38 MP: 5/7
  3078 | D:3      | Identified the +2 dagger of Mecvic {venom, Str+6}
  3167 | D:3      | Found a shimmering blue altar of Sif Muna.
  3421 | D:4      | Noticed an ogre
  3977 | D:3      | Killed an ogre
  3978 | D:3      | Reached skill level 1 in Poison Magic
  3978 | D:3      | Reached XP level 5. HP: 36/45 MP: 4/8
  4193 | D:4      | Noticed an ogre
  4195 | D:4      | Noticed Natasha
  4340 | D:3      | Killed an ogre
  4457 | D:4      | Reached XP level 6. HP: 51/52 MP: 8/10
  4872 | D:4      | Found a staircase to the Ecumenical Temple.
  4934 | Temple   | Entered the Ecumenical Temple
  5440 | D:4      | HP: 2/52 [poisoned by an orc wizard]
  5442 | D:4      | Succumbed to an orc wizard's poison

Illustrated notes

Levels and vault maps discovered:
D:1:      nicolae_arrival_memento_mori, layout_loops_ring,
          chequers_ecumenical_altar_simple, nicolae_grassy_gnolls
D:2:      layout_rooms, uniq_terence, uniq_sigmund
D:3:      minmay_inner_zag, layout_basic, lemuel_blue_sif_altar,
          minmay_misc_feat_hallway
D:4:      layout_basic, temple_doors_cd, amcnicky_mini_pool_small,
          chequers_serial_rivers_large_a, minmay_misc_feat_pillars,
          grunt_decor_fettered, uniq_natasha
Temple:   nicolae_temple_x_marks_the_god

Skill      XL: |  1  2  3  4  5  6 |
---------------+-------------------+-----
Fighting       | 2 3 4 |  4.0
Unarmed Combat | 4 |  4.7
Poison Magic   | 1 2 |  2.0
Spellcasting   | 3 |  3.2
Transmutations | 3 |  3.3
Dodging        | |  1.7

Action                   |  1- 3 |  4- 6 || total
-------------------------+-------+-------++-------
Melee: Unarmed           |   110 |    97 ||   207
       Kick              |    20 |    20 ||    40
       Headbutt          |    12 |    14 ||    26
       Tailslap          |     8 |     9 ||    17
 Cast: Beastly Appendage |    30 |    19 ||    49
       Spider Form       |       |     4 ||     4
 Abil: End Transformatio |       |     1 ||     1
  Use: Scroll            |     4 |     1 ||     5
       Potion            |       |     2 ||     2
 Stab: Sleeping          |     2 |     1 ||     3
Armor: Skin              |    26 |    22 ||    48
Dodge: Dodged            |    66 |    62 ||   128
